 Dungeon Crawl Stone Soup version 0.30-a0-459-g9104f0fc43 (webtiles) character file.

Game seed: 14759894487157432423

843 funkygono the Firebug (level 7, 0/48 HPs)
             Began as a Demonspawn Fire Elementalist on Dec 15, 2022.
             Killed from afar by Pikel (10 damage)
             ... with a bolt of light
             ... on level 4 of the Dungeon.
             The game lasted 00:08:47 (6476 turns).

funkygono the Firebug (DsFE)                        Turns: 6476, Time: 00:08:49

Health: 0/48       AC:  2    Str:  8    XL:     7   Next: 68%
Magic:  20/24      EV: 12    Int: 19    God:
Gold:   185        SH:  0    Dex: 13    Spells: 6/16 levels left

rFire   . . .      SeeInvis .    k - +0 dagger (venom)
rCold   . . .      Faith    .    (no shield)
rNeg    . . .      Spirit   .    a - +0 robe
rPois   .          Reflect  .    (helmet restricted)
rElec   .          Harm     .    (no cloak)
rCorr   .          Rampage  .    (no gloves)
Will    .....                    (no boots)
Stlth   +.........               (no amulet)
HPRegen 0.28/turn                y - ring of magical power
MPRegen 0.19/turn                (no ring)

@: confused
A: horns 1, ignite blood 1
a: no special abilities


You were on level 4 of the Dungeon.
You visited 1 branch of the dungeon, and saw 5 of its levels.
You also visited: Sewer.

You collected 185 gold pieces.

Inventory:

Hand Weapons
 d - a +0 dagger
 j - a +0 whip
 k - a +0 dagger of venom (weapon)
Armour
 a - a +0 robe (worn)
Magical Staves
 o - a staff of earth
Jewellery
 g - an amulet of guardian spirit
 y - a ring of magical power (left hand)
Wands
 r - a wand of paralysis (18)
Scrolls
 i - 2 scrolls of noise {unknown}
 l - 3 scrolls of identify {unknown}
 m - 3 scrolls of vulnerability {unknown}
 n - a scroll of magic mapping {unknown}
 p - a scroll of silence {unknown}
 q - a scroll of amnesia {unknown}
 s - 3 scrolls of teleportation {unknown}
 w - 3 scrolls of fog {unknown}
 z - a scroll of poison {unknown}
Potions
 b - 2 potions of magic
 c - 3 potions of berserk rage {unknown}
 e - 3 potions of lignification {unknown}
 f - a potion of mutation {unknown}
 h - 8 potions of curing {unknown}
 t - 2 potions of degeneration {unknown}
 u - a potion of haste {unknown}
 v - a potion of brilliance {unknown}
 x - a potion of heal wounds {unknown}


   Skills:
 + Level 1.2 Fighting
 + Level 0.1 Short Blades
 + Level 2.1 Dodging
 - Level 1.7 Stealth
 + Level 5.4 Spellcasting
 + Level 3.3 Conjurations
 + Level 5.5 Fire Magic


You had 6 spell levels left.
You knew the following spells:

 Your Spells              Type           Power      Damage    Failure   Level
a - Foxfire               Conj/Fire      88%        2x1d8     1%          1
b - Scorch                Fire           52%        2d7       1%          2
c - Kindle Blastsparks    Fire/Tloc/Air  24%        2d12      17%         3
d - Flame Wave            Conj/Fire      22%        2d8       19%         4

Your spell library contained the following spells:

 Spells                   Type           Power      Damage    Failure   Level
 Inner Flame              Hex/Fire       15%        N/A       12%         3


Dungeon Overview and Level Annotations

Branches:
Dungeon (5/15)              Sewer (visited)
 Temple: D:4-7

Altars:
Cheibriados

Annotations:
D:4 Pikel


Innate Abilities, Weirdness & Mutations

You have a pair of small horns on your head.
Your demonic aura sometimes causes spilled blood to erupt in flames.


Message History

The foxfire hits the lemure.
The lemure is burned terribly!
You kill the lemure!
That felt strangely unrewarding.
Magic restored.
HP restored.
Partly explored, can't reach some places.
You see here a bullfrog corpse.
There is a stone staircase leading down here.
You climb downwards.
Level annotation: Pikel The lemure closely misses you.
The water moccasin hisses angrily.
There is a stone staircase leading up, spattered with blood here.
The water moccasin bites you.
Pikel hits you with a +1 whip of freezing!
Pikel freezes you.
You climb upwards.
There is a stone staircase leading down here.
Casting: Scorch (safe; 1% risk of failure)
Confirm with . or Enter, or press ? or * to list all spells.
You conjure some foxfire!
The water moccasin bites you.
Pikel zaps a wand.
The bolt of light misses you.
Casting: Foxfire (safe; 1% risk of failure)
Confirm with . or Enter, or press ? or * to list all spells.
Flames lash Pikel.
Pikel is lightly wounded.
Pikel's fire resistance burns away.
The foxfire hits Pikel!
Pikel is burned terribly!
Pikel is moderately wounded.
The water moccasin bites you but does no damage.
The water moccasin closely misses you.
Pikel hits you with a +1 whip of freezing.
Pikel freezes you.
Casting: Scorch (safe; 1% risk of failure)
Confirm with . or Enter, or press ? or * to list all spells.
You conjure some foxfire!
The water moccasin bites you!
* * * LOW HITPOINT WARNING * * *
Pikel zaps a wand.
The bolt of light hits you!
You are confused.
You die...

##'## #.### #.##.###... #...##
#.# #.##.)##.## .....## ##.#
#.###)##.## ......## ##..#
#####........##
.......####...#####.......))####.
.......'.......................'.
.......####......##.#####...####.
......## ##...#S##.# #.....# #..
.....## ###.v@##.# #.##.## #._
#...## ##K###.###.##.# #..
##)######## #.# #........# ##.
#.##.....# #.# #####.#### ##
#.##.###.#####.# #.# ##.##.#
#.......# ##.## #.....###..######
##...####### ...........#
#####.#.......)# #...###.##.#
#.......÷..###÷##


You could see Pikel (combustible, ally target) and a water moccasin.

Vanquished Creatures
  Eustachio (D:4)
  2 lemures (D:4)
  A phantom (D:4)
  A bullfrog (D:4)
  2 scorpions (D:4)
  A hound (D:3)
  An orc priest (D:4)
  A jelly (D:4)
  A gnoll bouda (D:4)
  An orc wizard (D:4)
  8 gnolls (D:4)
  8 adders
  5 river rats
  A shadow imp (D:4)
  An ufetubus (D:4)
  2 worms
  A dart slug (D:2)
  8 orcs (D:4)
  4 endoplasms
  2 giant cockroaches
  11 goblins
  10 hobgoblins
  5 quokkas
  12 ball pythons
  4 bats
  10 frilled lizards
  8 kobolds
  14 rats
126 creatures vanquished.

Vanquished Creatures (collateral kills)
  5 foxfires (D:4)
5 creatures vanquished.

Vanquished Creatures (others)
  A bush (D:4)
  361 foxfires
  16 plants (D:4)
378 creatures vanquished.

Grand Total: 509 creatures vanquished

Notes
Turn   | Place    | Note
-------+----------+-------------------------------------------
     0 | D:1      | funkygono the Demonspawn Fire Elementalist began the quest
                  | for the Orb.
     0 | D:1      | Reached XP level 1. HP: 13/13 MP: 3/3
   259 | D:1      | Gained mutation: Your demonic aura sometimes causes spilled
                  | blood to erupt in flames. [demonic ancestry]
   259 | D:1      | Reached XP level 2. HP: 18/19 MP: 3/5
   262 | D:1      | Learned a level 2 spell: Scorch
   323 | D:1      | Noticed an eye of devastation
   347 | D:1      | Found a faded altar of an unknown god.
   349 | D:1      | Noticed a great orb of eyes
   349 | D:1      | Noticed a golden eye
   349 | D:1      | Noticed a golden eye
  1029 | D:2      | Found a snail-covered altar of Cheibriados.
  1061 | D:2      | Reached XP level 3. HP: 12/24 MP: 0/6
  1557 | D:2      | Learned a level 3 spell: Kindle Blastsparks
  2040 | D:2      | Reached XP level 4. HP: 30/30 MP: 3/8
  3468 | D:4      | Found a snail-covered altar of Cheibriados.
  3472 | D:4      | Noticed a scorpion
  3479 | D:4      | Noticed Eustachio
  3562 | D:4      | Killed Eustachio
  3563 | D:4      | Reached XP level 5. HP: 25/35 MP: 1/11
  3605 | D:4      | Gained mutation: You have a pair of small horns on your
                  | head. [demonic ancestry]
  3605 | D:4      | Reached XP level 6. HP: 41/41 MP: 5/12
  3622 | D:4      | Found a glowing drain.
  3714 | Sewer    | Entered a sewer
  4591 | D:4      | Learned a level 4 spell: Flame Wave
  4794 | D:4      | Reached skill level 5 in Fire Magic
  4794 | D:4      | Reached XP level 7. HP: 47/47 MP: 2/14
  5001 | D:4      | Reached skill level 5 in Spellcasting
  5172 | D:4      | Reached skill level 1 in Fighting
  6182 | D:5      | Entered Level 5 of the Dungeon
  6182 | D:5      | Noticed Pikel
  6476 | D:4      | Killed from afar by Pikel

Illustrated notes

Levels and vault maps discovered:
D:1:      erik_arrival_orb_chamber, layout_basic,
          hellmonk_ecumenical_altar_watching_god
D:2:      layout_basic, basic_altar, serial_co_window_serial,
          co_window_corner_a, co_window_paths_a, co_window_corner_a,
          co_window_corner_a, co_window_corner_a, co_window_broadway_b,
          co_window_corner_cb, co_window_corner_b, co_window_cross_2,
          co_window_unsneaky_path_e, co_window_4corner_a, glass_columns_c,
          glass_columns_b, minmay_misc_feat_plants, minmay_pentomino_r4
D:3:      layout_loops_ring
D:4:      layout_loops_corners, cheibriados_altar_1, serial_forest,
          infiniplex_forest_end_3, infiniplex_forest_straight_1,
          infiniplex_forest_zigzag_1, infiniplex_forest_clump_diagonal,
          portal_sewer_entry_a, chequers_big_river, uniq_eustachio
D:5:      layout_loops_ring, st_stairs_12, uniq_pikel

Skill      XL: |  1  2  3  4  5  6  7 |
---------------+----------------------+-----
Fire Magic     | 3 4 5 |  5.5
Spellcasting   | 3 4 5 |  5.4
Conjurations   | 2 3 |  3.3
Dodging        | 2 |  2.1
Fighting       | 1 |  1.2
Short Blades   | |  0.1
Stealth        | |  1.7

Action                   |  1- 3 |  4- 6 |  7- 9 || total
-------------------------+-------+-------+-------++-------
Melee: Dagger            |     9 |    15 |     2 ||    26
       Headbutt          |       |     3 |     1 ||     4
 Cast: Foxfire           |    72 |    97 |    51 ||   220
       Scorch            |     9 |    27 |    17 ||    53
Armor: Robe              |     5 |     1 |     5 ||    11
Dodge: Dodged            |    14 |    28 |    17 ||    59

Table legend: (Time is in decaauts)
 A = Elapsed time spent in this place.
 B = Non-inter-level travel time spent in this place.
 C = Inter-level travel time spent in this place.
 D = Time resting spent in this place.
 E = Time spent auto-exploring this place.
 F = Levels seen in this place.
 G = Mean time per level.
                   A        B        C        D        E       F      G
               +--------+--------+--------+--------+--------+-----+--------+
         Total |   6522 |   6389 |    133 |    195 |   5366 |   6 | 1087.0 |
       Dungeon |   5844 |   5711 |    133 |    195 |   4782 |   5 | 1168.8 |
         Sewer |    678 |    678 |      0 |      0 |    583 |   1 |  678.0 |
               +--------+--------+--------+--------+--------+-----+--------+

Top non-repeatable levels by time:
     D:4: 2362 daAuts
     D:2: 1555 daAuts
     D:1: 1022 daAuts
     D:3: 893 daAuts
   Sewer: 678 daAuts
     D:5: 10 daAuts
